Map: Acropolis LE

Players

Harstem

  • Race: Protoss Protoss
  • League: Grandmaster
  • Spawn Location: 5:00

Lambo - Winner!

  • Race: Zerg Zerg
  • League: Master
  • Spawn Location: 11:00

Event: NationWars 2019

VOD

Have the link to the VOD?

Description

Time

  • Played on: Oct. 11, 2019, 2:45 p.m.
  • Length: 15:26

All games in this series

Show
View Real Time Build Order
Export as new Build Order

Harstem Protoss 

Build Orders: 1 Gate Expand, Oracle Opening, Zealot Archon 

Get SALT Encoding   

  12  0:00  Probe  
  13  0:13  Probe  
  14  0:19  Pylon  
  14  0:25  Probe (Chrono Boost)  
  15  0:37  Probe (Chrono Boost)  
  15  0:38  Gateway  
  16  0:46  Probe (Chrono Boost)  
  16  0:48  Assimilator  
  17  0:51  Probe  
  18  1:03  Probe  
  19  1:15  Probe  
  20  1:23  Nexus  
  20  1:34  Cybernetics Core  
  20  1:36  Probe  
  21  1:46  Assimilator  
  21  1:48  Probe  
  21  1:52  Pylon  
  22  2:00  Probe  
  23  2:08  Adept (Chrono Boost)  
  25  2:18  Probe  
  26  2:28  Adept (Chrono Boost)  
  26  2:30  Stargate, Probe (Chrono Boost)  
  26  2:35  Probe (Chrono Boost)  
  30  2:39  Warp Gate  
  31  2:47  Probe (Chrono Boost)  
  31  2:48  Probe (Chrono Boost)  
  31  2:50  Stalker  
  32  2:52  Probe (Chrono Boost)  
  32  2:54  Probe (Chrono Boost)  
  36  3:01  Probe  
  36  3:04  Pylon  
  37  3:06  Probe  
  38  3:14  Oracle (Chrono Boost), Probe  
  42  3:29  Probe  
  42  3:30  Probe  
  44  3:35  Gateway  
  44  3:41  Oracle (Chrono Boost), Probe  
  45  3:42  Probe  
  49  3:50  Assimilator  
  49  3:52  Pylon, Assimilator  
  49  3:53  Probe  
  49  3:54  Probe  
  51  4:02  Robotics Facility  
  51  4:05  Probe  
  51  4:06  Probe  
  53  4:15  Nexus  
  53  4:17  Pylon  
  53  4:18  Probe (Chrono Boost)  
  53  4:21  Probe (Chrono Boost)  
  55  4:28  Forge, Twilight Council  
  55  4:29  Probe (Chrono Boost)  
  57  4:32  Probe (Chrono Boost)  
  57  4:34  Probe (Chrono Boost)  
  57  4:35  Sentry  
  60  4:40  Pylon  
  60  4:41  Probe  
  60  4:45  Probe  
  62  4:52  Observer  
  63  4:56  Probe (Chrono Boost), Gateway x2  
  63  4:57  Probe (Chrono Boost)  
  63  4:58  Sentry  
  69  5:08  Probe (Chrono Boost)  
  69  5:09  Probe (Chrono Boost)  
  69  5:12  Probe (Chrono Boost)  
  70  5:16  Immortal  
  70  5:17  Protoss Ground Weapons Level 1 (Chrono Boost)  
  70  5:18  Probe (Chrono Boost)  
  70  5:21  Charge  
  75  5:23  Probe (Chrono Boost)  
  75  5:27  Probe (Chrono Boost)  
  77  5:32  Assimilator  
  77  5:34  Assimilator  
  77  5:35  Probe (Chrono Boost)  
  79  5:36  Probe (Chrono Boost)  
  79  5:37  Probe (Chrono Boost)  
  79  5:40  Probe (Chrono Boost)  
  79  5:42  Probe x2 (Chrono Boost)  
  82  5:43  Templar Archives  
  82  5:47  Pylon  
  82  5:49  Probe  
  84  5:54  Probe x2  
  84  5:55  Immortal  
  90  6:02  Probe  
  91  6:06  Probe x2  
  91  6:08  Gateway x2  
  93  6:13  Gateway  
  93  6:14  Probe  
  93  6:15  Gateway  
  93  6:16  Observer  
  93  6:18  Probe  
  95  6:22  Psionic Storm  
  95  6:25  Probe  
  96  6:28  Phoenix (Chrono Boost)  
  96  6:31  Pylon  
  98  6:33  Shield Battery  
  98  6:34  Pylon  
  98  6:36  Pylon  
  98  6:38  Warp Prism (Chrono Boost)  
  98  6:44  Pylon  
  100  6:50  Shield Battery  
  100  6:51  High Templar x4  
  108  6:58  Photon Cannon, Shield Battery  
  108  7:07  Phoenix  
  110  7:10  Nexus, High Templar  
  110  7:12  Pylon  
  110  7:14  Zealot x3  
  117  7:26  High Templar x2  
  117  7:28  Observer  
  121  7:31  Archon  
  121  7:32  Zealot x2  
  121  7:34  Pylon  
  125  7:37  Probe x2  
  125  7:38  Probe  
  125  7:39  Protoss Ground Weapons Level 2 (Chrono Boost)  
  128  7:46  Phoenix (Chrono Boost), Assimilator  
  127  7:54  Assimilator  
  127  7:55  Probe x2  
  127  7:58  Photon Cannon  
  127  8:00  High Templar x2, Zealot x4  
  127  8:01  Photon Cannon  
  127  8:04  Gateway  
  139  8:07  Gateway  
  139  8:08  Pylon, Archon  
  139  8:09  Zealot x2  
  139  8:12  Immortal (Chrono Boost)  
  143  8:20  Zealot x3  
  143  8:21  Probe  
  146  8:31  Probe  
  146  8:33  Probe (Chrono Boost)  
  133  8:34  Probe (Chrono Boost)  
  133  8:36  Probe (Chrono Boost)  
  135  8:45  Probe (Chrono Boost)  
  135  8:47  Probe (Chrono Boost)  
  135  8:48  Probe (Chrono Boost)  
  139  8:49  High Templar x2  
  139  8:50  High Templar x2  
  139  8:53  Probe (Chrono Boost), Gateway  
  139  8:54  Gateway, Archon x2  
  139  8:55  High Templar x2  
  150  8:57  Probe (Chrono Boost)  
  150  9:02  Zealot x4  
  160  9:03  Archon  
  160  9:05  Probe  
  160  9:06  Pylon  
  160  9:09  Probe  
  154  9:11  Gateway  
  154  9:13  Gateway  
  154  9:19  Zealot x3  
  154  9:20  High Templar  
  154  9:22  Observer (Chrono Boost)  
  159  9:26  High Templar x2  
  159  9:27  High Templar  
  159  9:30  Phoenix (Chrono Boost)  
  167  9:31  Archon  
  167  9:35  Archon  
  167  9:37  Probe (Chrono Boost), Photon Cannon  
  167  9:38  Probe (Chrono Boost)  
  167  9:43  Probe (Chrono Boost)  
  167  9:44  Probe (Chrono Boost)  
  167  9:46  Phoenix (Chrono Boost)  
  167  9:47  Probe (Chrono Boost)  
  167  9:49  Probe (Chrono Boost)  
  167  9:51  Probe (Chrono Boost)  
  167  9:52  Pylon, Probe (Chrono Boost)  
  173  9:53  High Templar x2  
  173  9:56  Probe  
  173  9:57  Pylon  
  171  10:01  Probe  
  171  10:04  Probe x2  
  159  10:09  Probe  
  159  10:10  Phoenix (Chrono Boost)  
  159  10:12  Archon  
  159  10:13  High Templar x2, Probe  
  159  10:14  Zealot x3  
  167  10:19  Pylon  
  167  10:20  Pylon  
  169  10:22  Probe  
  169  10:25  Probe x2  
  169  10:27  Pylon, Protoss Air Weapons Level 1 (Chrono Boost)  
  172  10:31  Probe  
  172  10:32  Pylon  
  170  10:48  Stalker x6  
  149  11:06  Probe x2  
  127  11:18  Zealot  
  127  11:19  Zealot x5  
  127  11:22  Warp Prism  
  135  11:31  Probe (Chrono Boost)  
  132  11:34  Probe (Chrono Boost)  
  117  11:42  Probe (Chrono Boost)  
  117  11:43  Probe x2 (Chrono Boost)  
  117  11:45  High Templar x3  
  117  11:46  High Templar, Probe (Chrono Boost)  
  129  11:52  Probe x2 (Chrono Boost)  
  129  11:53  Zealot x3  
  129  11:54  Zealot x2  
  141  12:03  High Templar x4  
  141  12:05  Archon  
  141  12:09  Archon x2  
  123  12:17  High Templar x2  
  123  12:18  Probe (Chrono Boost)  
  123  12:19  Probe (Chrono Boost)  
  131  12:23  Probe (Chrono Boost), Assimilator  
  131  12:24  Probe (Chrono Boost)  
  131  12:25  Archon  
  126  12:30  Probe (Chrono Boost)  
  126  12:33  Zealot x3  
  126  12:34  Probe (Chrono Boost), Zealot  
  127  12:38  Probe x2 (Chrono Boost)  
  127  12:41  Probe (Chrono Boost)  
  127  12:44  High Templar x4, Photon Cannon  
  135  12:45  Zealot  
  135  12:48  Probe x2 (Chrono Boost)  
  135  12:49  Archon  
  135  12:50  Sentry, Probe (Chrono Boost), Archon  
  135  12:51  Probe (Chrono Boost), Zealot  
  148  12:56  Archon  
  148  12:57  High Templar, Archon  
  150  12:59  Probe (Chrono Boost)  
  150  13:04  Probe (Chrono Boost)  
  150  13:05  Probe (Chrono Boost)  
  144  13:06  Probe (Chrono Boost)  
  144  13:11  Probe (Chrono Boost)  
  142  13:16  Probe x2 (Chrono Boost)  
  142  13:17  Photon Cannon  
  142  13:18  Probe (Chrono Boost)  
  142  13:19  Probe (Chrono Boost)  
  146  13:20  Probe (Chrono Boost)  
  146  13:21  Probe (Chrono Boost), High Templar  
  146  13:22  High Templar  
  146  13:25  Probe  
  146  13:26  Archon  
  153  13:27  Probe  
  153  13:30  High Templar x2  
  153  13:31  Probe x2  
  160  13:37  Probe  
  161  13:46  Probe  
  162  13:50  Zealot x3  
  162  13:52  Fleet Beacon  
  162  13:53  Stargate  
  160  13:58  Probe  
  160  14:00  Probe  
  129  14:05  Probe  
  129  14:07  Zealot x6  
  129  14:08  Observer  
  141  14:10  Zealot  
  112  14:31  High Templar  
  112  14:32  High Templar x3  
  112  14:36  High Templar x2  
  112  14:37  Archon x2  
  124  14:41  Zealot  
  124  14:42  Zealot x2  
  128  14:46  Nexus, Probe  
  129  14:58  Archon  
  107  15:10  Zealot x2  
  107  15:11  Zealot x3  
Show
View Real Time Build Order
Export as new Build Order

Lambo Zerg - Winner!

Build Orders: Hatch First, Brood Lord Corruptor, Muta Ling Bane 

Get SALT Encoding   

  12  0:00  Drone  
  13  0:12  Overlord  
  13  0:16  Drone  
  14  0:30  Drone x2  
  16  0:48  Hatchery  
  15  0:52  Drone  
  15  0:54  Drone  
  17  0:57  Drone  
  18  1:08  Extractor  
  17  1:13  Spawning Pool  
  17  1:17  Drone  
  17  1:20  Drone  
  18  1:31  Drone  
  19  1:45  Drone  
  20  1:51  Overlord  
  20  2:01  Zergling x2, Queen x2  
  20  2:02  Zergling x2  
  26  2:11  Drone x2  
  28  2:26  Drone x2  
  30  2:33  Hatchery  
  30  2:37  Drone, Pneumatized Carapace  
  30  2:39  Drone  
  32  2:44  Drone  
  32  2:49  Overlord  
  32  2:53  Queen  
  32  2:56  Drone  
  35  2:59  Drone  
  36  3:07  Drone x2  
  36  3:11  Drone x3  
  41  3:16  Zergling x2  
  41  3:21  Zergling x2  
  41  3:26  Drone  
  42  3:28  Drone  
  42  3:33  Metabolic Boost  
  41  3:37  Drone  
  41  3:40  Spore Crawler, Drone  
  42  3:42  Drone  
  42  3:45  Queen  
  42  3:47  Drone x2  
  47  3:50  Drone  
  47  3:51  Drone  
  47  3:52  Overlord  
  49  4:03  Spore Crawler x2  
  49  4:07  Drone x2  
  49  4:13  Drone x7  
  49  4:16  Drone  
  57  4:23  Overlord  
  57  4:25  Overlord  
  57  4:34  Overlord  
  57  4:36  Overlord  
  57  4:38  Overlord  
  57  4:41  Lair, Queen  
  57  4:43  Drone x4  
  57  4:45  Extractor  
  62  4:47  Zergling x2, Extractor  
  62  4:50  Zergling x2  
  62  4:51  Drone  
  64  4:53  Drone x2  
  64  4:54  Roach Warren, Drone  
  64  4:58  Drone  
  67  5:02  Drone  
  67  5:07  Drone x4  
  67  5:13  Drone x2  
  70  5:15  Evolution Chamber  
  70  5:18  Drone  
  70  5:21  Queen  
  70  5:24  Overlord  
  70  5:25  Hatchery  
  71  5:29  Drone x4  
  71  5:30  Extractor x2  
  71  5:31  Drone  
  71  5:32  Drone  
  71  5:34  Drone x2  
  71  5:35  Drone  
  78  5:39  Drone x2, Glial Reconstitution, Extractor  
  79  5:44  Zerg Melee Weapons Level 1  
  79  5:45  Drone x2  
  79  5:48  Baneling Nest  
  80  5:53  Drone x3  
  80  5:54  Baneling Nest  
  80  5:56  Drone x2  
  84  5:59  Drone x3  
  87  6:06  Spire  
  87  6:07  Overlord  
  87  6:08  Overseer  
  87  6:10  Roach x2  
  91  6:12  Overlord  
  91  6:19  Overlord  
  91  6:22  Overlord  
  91  6:25  Drone x4  
  92  6:28  Queen  
  92  6:31  Drone  
  92  6:32  Drone x3  
  98  6:33  Drone  
  98  6:34  Drone x2  
  98  6:35  Centrifical Hooks  
  98  6:37  Evolution Chamber  
  98  6:39  Roach  
  104  6:40  Spore Crawler, Roach  
  104  6:41  Drone  
  104  6:43  Roach  
  104  6:46  Extractor  
  104  6:47  Drone x3  
  108  6:48  Drone  
  108  6:49  Drone  
  110  6:55  Roach x4  
  110  6:58  Roach x2  
  122  7:12  Zergling x2  
  122  7:13  Zergling x14, Roach x4  
  138  7:16  Overlord x2  
  138  7:17  Zerg Missile Weapons Level 1  
  138  7:18  Infestation Pit  
  137  7:22  Overlord  
  137  7:26  Overlord  
  137  7:28  Overlord  
  137  7:32  Overseer  
  137  7:34  Overlord  
  137  7:36  Hatchery  
  135  7:38  Drone x4  
  135  7:39  Zergling x8  
  143  7:45  Baneling x4  
  143  7:47  Zergling x18  
  152  7:55  Zergling x12  
  152  7:56  Extractor  
  156  8:00  Hive  
  156  8:02  Zerg Flyer Weapons Level 1  
  156  8:07  Zergling x20  
  166  8:13  Baneling x5  
  166  8:21  Zergling x2  
  166  8:22  Roach  
  166  8:24  Overlord  
  166  8:26  Overlord  
  157  8:35  Overlord  
  157  8:38  Overlord  
  157  8:40  Mutalisk x5, Overlord  
  167  8:44  Overlord  
  167  8:48  Baneling x5  
  167  8:51  Mutalisk x6  
  167  8:53  Mutalisk x4  
  187  9:01  Zerg Melee Weapons Level 2  
  187  9:05  Zergling x10  
  191  9:12  Baneling x5  
  191  9:16  Ravager  
  192  9:19  Adrenal Glands  
  192  9:25  Zergling x16  
  192  9:28  Overlord  
  200  9:33  Overlord  
  200  9:37  Baneling x10  
  198  9:42  Zergling x4  
  198  9:44  Baneling x14  
  200  9:51  Overlord  
  194  10:06  Zergling x26  
  194  10:14  Greater Spire  
  194  10:17  Zergling x8  
  194  10:18  Zergling x4  
  198  10:25  Baneling x19  
  198  10:26  Ravager x2  
  200  10:37  Corruptor  
  198  10:46  Corruptor  
  197  10:50  Baneling x10  
  197  10:53  Baneling x8  
  197  10:54  Baneling  
  179  10:59  Roach x10  
  187  11:05  Zergling x22, Roach  
  187  11:08  Roach x2  
  194  11:12  Zergling x2  
  194  11:13  Zergling x26, Roach  
  194  11:16  Roach x5  
  195  11:24  Roach x2  
  195  11:25  Baneling x13  
  189  11:28  Roach x3  
  189  11:31  Zergling x2  
  177  11:36  Zergling x12  
  177  11:38  Zergling x6  
  176  11:40  Zergling x2  
  176  11:42  Queen  
  176  11:44  Zerg Melee Weapons Level 3, Zergling x2  
  176  11:46  Zergling x2  
  177  11:50  Zergling x4  
  177  11:52  Zergling x14  
  186  11:57  Zergling x6  
  186  11:58  Zergling x4  
  190  12:01  Zergling x4  
  190  12:04  Baneling x16  
  190  12:05  Zergling x6  
  190  12:08  Zergling x2  
  190  12:10  Roach x3  
  190  12:11  Zergling x2  
  181  12:18  Extractor x2  
  181  12:19  Baneling x7  
  181  12:20  Zergling x16, Baneling x2  
  185  12:23  Zergling x6  
  177  12:31  Zergling x10  
  177  12:33  Zergling x2  
  177  12:36  Corruptor x2  
  169  12:42  Corruptor x3  
  177  12:49  Zergling x16  
  185  12:54  Zerg Ground Armor Level 1  
  185  12:55  Corruptor x2  
  188  12:58  Hatchery  
  184  13:07  Zergling x16  
  191  13:19  Brood Lord  
  199  13:20  Brood Lord x3  
  199  13:21  Overseer  
  199  13:36  Baneling  
  198  13:45  Brood Lord x2  
  198  13:49  Baneling x11  
  198  13:50  Zergling x10  
  196  13:59  Zergling x30, Brood Lord  
  189  14:04  Corruptor  
  189  14:05  Roach  
  189  14:06  Roach x4  
  164  14:18  Roach x4  
  165  14:27  Drone x5  
  169  14:40  Ravager  
  169  14:42  Ravager x2  
  172  14:46  Ravager x4  
  172  14:49  Ravager  
  174  14:56  Zergling x14  
  164  15:07  Zergling x6  
  164  15:09  Zergling x6  
Tags
 
Add a new tag
Caveats
  • Supply blocks, unpowered buildings, or Contaminate may cause inaccurate times.
  • Supply counts are checked every 10 seconds.